 Dungeon Crawl Stone Soup version 0.23.2 (webtiles) character file.

Game seed: 8105497905308685821

173639 ABBCCCDDDD the Brawler (level 17, -3/142 HPs)
             Began as a Demonspawn Gladiator on Apr 9, 2019.
             Was a High Priest of Okawaru.
             Slain by a white ugly thing (29 damage)
             ... on level 1 of the Vaults.
             The game lasted 01:13:57 (32399 turns).

ABBCCCDDDD the Brawler (Demonspawn Gladiator)      Turns: 32399, Time: 01:13:57

Health: -3/142     AC: 32    Str: 20    XL:     17   Next: 18%
Magic:  0/23       EV: 14    Int:  7    God:    Okawaru [*****.]
Gold:   2123       SH: 17    Dex: 18    Spells: 16/16 levels left

rFire    + + +     SeeInvis +     - Unarmed
rCold    . . .     Gourm    .   m - +2 shield {rN+}
rNeg     + . .     Faith    .   Q - +0 crystal plate armour
rPois    +         Spirit   +   j - +3 helmet of Ikkefo {*Slow rElec rF+++ Int-4}
rElec    +         Reflect  .   Z - +2 cloak {+Inv}
rCorr    .         Harm     +   A - +0 pair of gloves {Dex+3}
MR       +....                  (no boots)
Stlth    ..........             e - amulet of harm
HPRegen  0.33/turn              k - ring of see invisible
MPRegen  0.36/turn              u - ring of poison resistance

@: lethally poisoned (-3 -> -5), heroism, finesse
A: talons 2, repulsion field 2, demonic guardian 2, magic shield, magic
regeneration
}: 1/15 runes: gossamer
a: Heroism, Finesse, Renounce Religion, Evoke Invisibility


You were on level 1 of the Vaults.
You worshipped Okawaru.
Okawaru was extremely pleased with you.
You were not hungry.

You visited 6 branches of the dungeon, and saw 29 of its levels.
You also visited: Ossuary.

You collected 2624 gold pieces.
You spent 501 gold pieces at shops.

Inventory:

Missiles
 c - 5 throwing nets (quivered)
 T - 7 javelins of returning
Armour
 j - the +3 helmet of Ikkefo (worn) {*Slow rElec rF+++ Int-4}
   (Okawaru gifted it to you on level 2 of the Orcish Mines)

   It affects your intelligence (-4).
   It renders you almost immune to fire.
   It insulates you from electricity.
   It may slow you when you take damage.
 m - a +2 shield of positive energy (worn)
 A - a +0 pair of gloves of dexterity (worn)
 I - a scarf of resistance
 Q - a +0 crystal plate armour (worn)
 Z - a +2 cloak of invisibility (worn)
Jewellery
 e - an amulet of harm (around neck)
 k - a ring of see invisible (left hand)
 u - a ring of poison resistance (right hand)
 H - an uncursed ring of ice
 K - a +5 ring of strength
 L - an uncursed ring of resist corrosion
 R - a +4 ring of intelligence
 X - an uncursed amulet of magic regeneration {unknown}
Wands
 b - a wand of disintegration (12)
 t - a wand of flame (26)
 z - a wand of digging (12)
 D - a wand of acid (5)
 U - a wand of paralysis (11)
 Y - a wand of iceblast (32)
Scrolls
 g - 6 scrolls of fear
 h - 11 scrolls of teleportation
 i - 5 scrolls of noise
 r - 2 scrolls of holy word
 v - 4 scrolls of magic mapping
 w - 11 scrolls of remove curse
 y - 5 scrolls of fog
 B - 5 scrolls of enchant armour
 E - 7 scrolls of enchant weapon
 F - 3 scrolls of silence
 G - 5 scrolls of vulnerability
 J - a scroll of blinking
 V - a scroll of summoning
Potions
 a - 8 potions of haste
 f - 2 potions of berserk rage
 l - a potion of resistance
 n - 9 potions of curing
 o - 4 potions of agility
 p - 7 potions of lignification
 q - 6 potions of heal wounds
 s - 4 potions of might
 x - 6 potions of ambrosia
 C - a potion of invisibility
 M - 3 potions of brilliance
 O - 5 potions of flight
 P - 2 potions of magic
 S - 3 potions of cancellation
Miscellaneous
 W - a lightning rod (4/4)
Comestibles
 d - 53 rations
 N - 3 chunks of flesh


   Skills:
 + Level 15.1(20.1) Fighting
 - Level 1.7(6.7) Throwing
 - Level 8.7(13.7) Armour
 - Level 9.1(14.1) Dodging
 - Level 12.0(17.0) Shields
 + Level 17.1(22.1) Unarmed Combat
 - Level 8.0 Invocations
 - Level 5.0 Evocations


You had 16 spell levels left.
You didn't know any spells.
Your spell library contained the following spells:

 Spells                   Type           Power        Failure   Level  Hunger
 Flame Tongue             Conj/Fire      #....        100%        1    ##.....
 Infusion                 Chrm           #...         100%        1    ##.....
 Magic Dart               Conj           #...         100%        1    ##.....
 Sandblast                Erth           #.....       100%        1    ##.....
 Sting                    Conj/Pois      #...         100%        1    ##.....
 Summon Small Mammal      Summ           #...         100%        1    ##.....
 Blink                    Tloc           N/A          100%        2    ###....
 Call Imp                 Summ           #.......     100%        2    ###....
 Corpse Rot               Necr           N/A          100%        2    ###....
 Passwall                 Tmut/Erth      #.......     100%        2    ###....
 Poisonous Vapours        Pois/Air       #.....       100%        2    ###....
 Shroud of Golubria       Chrm/Tloc      #.........   100%        2    ###....
 Slow                     Hex            #.......     100%        2    ###....
 Song of Slaying          Chrm           #.......     100%        2    ###....
 Sublimation of Blood     Necr           #.........   100%        2    ###....
 Call Canine Familiar     Summ           #.......     100%        3    ####...
 Conjure Flame            Conj/Fire      #.......     100%        3    ####...
 Mephitic Cloud           Conj/Pois/Air  #.......     100%        3    ####...
 Regeneration             Chrm/Necr      #.........   100%        3    ####...
 Spectral Weapon          Hex/Chrm       #.......     100%        3    ####...
 Stone Arrow              Conj/Erth      #.....       100%        3    ####...
 Summon Guardian Golem    Hex/Summ       #.......     100%        3    ####...
 Cause Fear               Hex            #.........   100%        4    #####..
 Olgreb's Toxic Radiance  Pois           #.......     100%        4    #####..
 Petrify                  Tmut/Erth      #.......     100%        4    #####..
 Summon Ice Beast         Ice/Summ       #.......     100%        4    #####..
 Summon Lightning Spire   Summ/Air       #.......     100%        4    #####..
 Agony                    Necr           #.......     100%        5    ######.
 Bolt of Draining         Conj/Necr      #.........   100%        5    ######.
 Dispel Undead            Necr           #.......     100%        5    ######.
 Excruciating Wounds      Chrm/Necr      #.........   100%        5    ######.
 Lee's Rapid Deconstruct  Erth           #.........   100%        5    ######.
 Venom Bolt               Conj/Pois      #.........   100%        5    ######.
 Bolt of Fire             Conj/Fire      #.........   100%        6    #######
 Dragon Form              Tmut           #.........   100%        7    #######
 Dragon's Call            Summ           #.........   100%        9    #######


Dungeon Overview and Level Annotations

Branches:
Dungeon (15/15)            Temple (1/1) D:5            Lair (6/6) D:8
 Shoals (0/4) Lair:4       Spider (4/4) Lair:2        Slime (0/5) Lair:5
    Orc (2/2) D:11            Elf (0/3) Orc:2        Vaults (1/5) D:14
 Depths (0/5) D:15

Altars:
Ashenzari
Cheibriados
Dithmenos
Elyvilon
Fedhas
Gozag
Hepliaklqana
Kikubaaqudgha
Makhleb
Nemelex Xobeh
Okawaru
Qazlal
Ru
Sif Muna
Trog
Uskayaw
Vehumet
Wu Jian
Xom
Yredelemnul
Zin
The Shining One
Jiyva

Shops:
D:9 !   D:13 (   Orc:1 !   Orc:2 :[(=?

Annotations:
Lair:3 exclusion: 3 oklob plants
Spider:3 2 transporters, lysyklops's ghost, adept GrFi


Innate Abilities, Weirdness & Mutations

You have razor-sharp toenails.
You are surrounded by a moderate repulsion field. (EV +3)
A demonic guardian rushes to your aid.
When hurt, damage is shared between your health and your magic reserves.
You regenerate magic rapidly.


Message History

You punch the deep troll!
You claw the deep troll, but do no damage.
The deep troll is almost dead.
You hit the deep troll.
You kill the deep troll!
Okawaru accepts your kill.
You feel sick.
The ironheart preserver mumbles some strange words.
The ironheart preserver begins to accept its allies' injuries.
The white ugly thing barely misses your soul eater.
The ice dragon breathes frost at you. The blast of cold hits you!!
* * * LOW HITPOINT WARNING * * *
A vault warden comes into view. It is wielding a +0 battleaxe.
You feel sick.
The vault warden shouts!
The white ugly thing tentacle-slaps you!
* * * LOW HITPOINT WARNING * * *
The white ugly thing freezes you!!
You die...

################'########
...........................
...........................
......................#####
......................#
....D.................#
......................#
.......u.......########
........3.@....# .
.##'#####uu....# ..
#..pc..# ... ###T...# ....
#.(..# ..... #....#......
#....'...... #....#p##+##
#........


You could see an ironheart preserver, an ice dragon, a vault warden, 3 ugly
things, a deep troll, a yaktaur and a friendly soul eater.

Vanquished Creatures
  Kirke (Lair:6)
  4 ghost moths
  9 emperor scorpions
  3 ironheart preservers (Vaults:1)
  2 entropy weavers
  Azrael (D:15)
  Josephine (D:11)
  3 vault guards (D:14)
  2 fire dragons (Vaults:1)
  The ghost of Tramtrist the Fighter, a journeyman GrFi of Trog (D:12)
  6 hydras
  Harold (Orc:1)
  The ghost of DungeonDestroyer the Cleaver, a journeyman DgFi (D:12)
  The ghost of Borgoz the Slicer, a journeyman GrGl of Ashenzari (D:12)
  The ghost of Borgoz the Slicer, a journeyman GrGl of Ashenzari (D:12)
  The ghost of Kairos the Unseen, a journeyman SpEn of Okawaru (D:12)
  The ghost of Paps the Covert, a journeyman OpFi of Gozag (Lair:1)
  2 ogre magi (Vaults:1)
  A tengu warrior (D:14)
  7 death yaks (Lair:6)
  An orc high priest (Orc:2)
  8 two-headed ogres
  Urug (Orc:1)
  A skeletal warrior (Vaults:1)
  3 deep trolls (Vaults:1)
  2 unseen horrors (D:15)
  An unseen horror (shapeshifter) (D:15)
  The ghost of Nicoed the Fighter, a novice MiBe of Okawaru (D:6)
  Pikel (D:5)
  5 deep elf magi
  4 orc sorcerers (Orc:2)
  23 wolf spiders
  5 orb spiders
  10 ugly things
  A cyclops (Vaults:1)
  5 moths of wrath
  4 manticores
  5 gargoyles
  9 elephants (Lair:6)
  8 spiny frogs
  A yaktaur (Vaults:1)
  A kobold demonologist (D:14)
  8 demonic crawlers
  7 komodo dragons
  4 trolls
  A jumping spider (shapeshifter) (D:15)
  3 polar bears (Lair:4)
  27 jumping spiders
  A meliai (shapeshifter) (D:14)
  Grinder (D:4)
  5 blink frogs
  10 hippogriffs
  A snapping turtle (Lair:4)
  8 slime creatures
  17 dream sheep
  A water elemental (D:13)
  21 tarantellas
  3 wyverns
  A meliai zombie (D:15)
  66 redbacks
  5 wraiths
  A yak (shapeshifter) (D:13)
  A fire elemental (D:15)
  3 hogs (Lair:6)
  31 yaks
  2 basilisks
  A hungry ghost (D:12)
  A swamp worm (shapeshifter) (D:15)
  4 soldier ants (Lair:2)
  8 porcupines
  14 water moccasins
  20 orc warriors
  A slave (D:5)
  3 black bears
  A sky beast (D:13)
  19 ogres
  A phantom (D:8)
  An eye of draining (D:11)
  3 boggarts (D:15)
  8 wolves (Lair:4)
  2 centaurs
  12 crocodiles
  2 big kobolds (D:11)
  14 bullfrogs
  2 elf zombies (Ossuary)
  2 gnoll sergeants (D:9)
  A deep troll simulacrum (Vaults:1)
  A wyvern zombie (D:13)
  28 scorpions
  A water moccasin skeleton (D:8)
  4 killer bees (D:8)
  12 wights
  7 howler monkeys
  2 electric eels (D:13)
  7 crimson imps
  9 hounds
  A quasit (D:11)
  4 centaur zombies
  A bullfrog skeleton (D:5)
  A bullfrog zombie (D:7)
  4 jellies
  26 orc priests
  37 orc wizards
  5 centaur skeletons
  5 iguanas
  16 worker ants
  A big kobold zombie (Ossuary)
  A hound zombie (D:9)
  2 mummies (Ossuary)
  A worker ant zombie (D:8)
  A howler monkey zombie (D:6)
  2 howler monkey skeletons
  15 adders
  17 gnolls
  6 shadow imps
  An adder zombie (Ossuary)
  2 adder skeletons (D:5)
  9 worms
  6 dart slugs
  2 leopard geckos
  79 orcs
  2 giant cockroaches
  4 hobgoblins
  6 jackals
  12 kobolds
  7 quokkas
  A ball python (D:5)
  7 bats
  5 frilled lizards
  9 goblins
  3 goblin zombies
  11 hobgoblin zombies (Ossuary)
  2 jackal zombies (Ossuary)
  8 kobold zombies (Ossuary)
  7 orc zombies (Ossuary)
  2 quokka skeletons
  A quokka zombie (D:4)
  5 rats
  A rat zombie (Ossuary)
906 creatures vanquished.

Vanquished Creatures (collateral kills)
  Nikola (Spider:1)
  Agnes (D:14)
  A ghost moth (Spider:4)
  2 emperor scorpions (Spider:4)
  An entropy weaver (Spider:2)
  Snorg (Lair:3)
  A rakshasa (D:15)
  A vault guard (D:14)
  4 hydras
  A centaur warrior (D:15)
  A queen ant (Lair:2)
  3 catoblepae (Lair:6)
  A skeletal warrior (D:14)
  An unseen horror (D:13)
  A wolf spider (D:14)
  4 orb spiders
  4 ugly things
  2 slime creatures (D:14)
  A centaur zombie (D:11)
  2 black mambas
  10 elephants (Lair:6)
  2 spiny frogs
  A demonic crawler (Lair:2)
  A komodo dragon (Lair:6)
  A tengu conjurer (D:14)
  3 trolls
  7 jumping spiders
  11 dream sheep
  3 hippogriffs
  6 blink frogs
  Sigmund (D:4)
  7 redbacks
  2 tarantellas (Spider:2)
  A wraith (D:11)
  15 yaks
  3 hogs (Lair:6)
  A basilisk (Lair:2)
  Menkaure (D:6)
  3 hell hounds (D:15)
  A soldier ant (Lair:2)
  An orc warrior (D:14)
  2 ice beasts
  A phantom (D:11)
  An ogre (D:13)
  2 wolves (Lair:4)
  2 boggarts (D:15)
  2 crocodiles
  2 big kobolds (D:11)
  4 bullfrogs
  6 scorpions (Spider:2)
  A crimson imp (D:11)
  An orc priest (Orc:2)
  A hound (D:7)
  An orc wizard (Orc:2)
  2 worker ants
  A gnoll (D:5)
  An adder (D:8)
  2 worms (Lair:2)
  A leopard gecko (D:4)
  6 orcs
  2 jackals (D:11)
  2 kobolds (D:11)
  A plant (Lair:2)
159 creatures vanquished.

Vanquished Creatures (others)
  A centaur warrior (D:15)
  Sonja (Lair:2)
  An orb spider (Spider:3)
  A demonic crawler (Spider:3)
  A redback (Spider:3)
  An orc (Orc:1)
  A bush (Lair:6)
  19 fungi
  35 plants
61 creatures vanquished.

Grand Total: 1126 creatures vanquished

Notes
Turn   | Place    | Note
-------+----------+-------------------------------------------
     0 | D:1      | ABBCCCDDDD the Demonspawn Gladiator began the quest for the
                  | Orb.
     0 | D:1      | Reached XP level 1. HP: 16/16 MP: 1/1
   393 | D:1      | Gained mutation: When hurt, damage is shared between your
                  | health and your magic reserves. [demonic ancestry]
   393 | D:1      | Reached XP level 2. HP: 15/22 MP: 2/2
   492 | D:1      | Reached skill level 3 in Unarmed Combat
  1175 | D:2      | Gained mutation: You have sharp toenails. [demonic
                  | ancestry]
  1175 | D:2      | Reached XP level 3. HP: 28/28 MP: 3/3
  1334 | D:2      | Reached skill level 1 in Armour
  1721 | D:3      | Found a blossoming altar of Fedhas.
  1787 | D:3      | Gained mutation: You have razor-sharp toenails. [demonic
                  | ancestry]
  1787 | D:3      | Reached XP level 4. HP: 26/34 MP: 4/4
  2172 | D:3      | Reached XP level 5. HP: 19/40 MP: 3/5
  2494 | D:3      | Reached skill level 4 in Unarmed Combat
  2794 | D:4      | Got a twisted leather armour
  2797 | D:4      | Found a sand-covered staircase.
  2814 | Ossuary  | Entered an ossuary
  3021 | Ossuary  | Reached XP level 6. HP: 14/47 MP: 1/6
  3446 | D:4      | Reached skill level 5 in Unarmed Combat
  3466 | D:4      | Gained mutation: A weak demonic guardian rushes to your
                  | aid. [demonic ancestry]
  3466 | D:4      | Reached XP level 7. HP: 53/53 MP: 7/7
  3697 | D:4      | Noticed Grinder
  4008 | D:4      | Identified the +3 leather armour of Hugunwob {+Blink MR-
                  | Dex+6} (You found it on level 4 of the Dungeon)
  4058 | D:4      | Noticed Sigmund
  4085 | D:4      | Killed Sigmund
  4257 | D:4      | Paralysed by Grinder for 3 turns
  4264 | D:4      | Killed Grinder
  4535 | D:5      | Entered Level 5 of the Dungeon
  4565 | D:5      | Found a sacrificial altar of Ru.
  4629 | D:5      | Found a staircase to the Ecumenical Temple.
  4698 | D:5      | Reached skill level 6 in Unarmed Combat
  4698 | D:5      | Reached XP level 8. HP: 42/61 MP: 6/8
  4838 | Temple   | Entered the Ecumenical Temple
  5086 | Temple   | Became a worshipper of Warmaster Okawaru
  5192 | D:5      | Noticed Pikel
  5221 | D:5      | Killed Pikel
  5221 | D:5      | Reached skill level 5 in Fighting
  5221 | D:5      | Reached skill level 5 in Dodging
  5494 | D:5      | Reached * piety under Okawaru
  5660 | D:5      | Reached skill level 7 in Unarmed Combat
  6104 | D:5      | Reached XP level 9. HP: 68/68 MP: 11/11
  6393 | D:6      | Found a runed translucent door.
  6393 | D:6      | Noticed Nicoed's ghost (novice MiBe)
  6922 | D:6      | Noticed Menkaure
  6927 | D:6      | Killed Menkaure
  7287 | D:7      | Reached ** piety under Okawaru
  7355 | D:7      | Got a transparent short sword
  7431 | D:7      | Reached skill level 5 in Armour
  8032 | D:8      | Reached skill level 8 in Unarmed Combat
  8068 | D:8      | Noticed a two-headed ogre
  8081 | D:8      | Killed a two-headed ogre
  8081 | D:8      | Reached skill level 5 in Invocations
  8213 | D:8      | Found a deep blue altar of Sif Muna.
  8213 | D:8      | Found a sacrificial altar of Ru.
  8214 | D:8      | Found a hide-covered altar of Uskayaw.
  8214 | D:8      | Found a stormy altar of Qazlal.
  8228 | D:8      | Reached *** piety under Okawaru
  8237 | D:8      | Found a sparkling altar of Nemelex Xobeh.
  8237 | D:8      | Found a white marble altar of Elyvilon.
  8237 | D:8      | Found an opulent altar of Gozag.
  8237 | D:8      | Found an ornate altar of the Wu Jian Council.
  8250 | D:8      | Gained mutation: A demonic guardian rushes to your aid.
                  | [demonic ancestry]
  8250 | D:8      | Reached XP level 10. HP: 53/77 MP: 12/14
  8586 | D:8      | Found a staircase to the Lair.
  9297 | D:9      | Reached skill level 9 in Unarmed Combat
  9551 | D:9      | Found Faixken's Distillery.
  9559 | D:9      | Bought a potion of haste for 110 gold pieces
  9559 | D:9      | Bought 2 potions of haste for 220 gold pieces
  9559 | D:9      | Bought a potion of degeneration for 11 gold pieces
  9559 | D:9      | Bought 2 potions of agility for 88 gold pieces
  9559 | D:9      | Bought a potion of lignification for 33 gold pieces
  9710 | D:10     | Entered Level 10 of the Dungeon
 10553 | D:10     | Reached **** piety under Okawaru
 10967 | D:10     | Noticed a gargoyle
 10974 | D:10     | Killed a gargoyle
 11701 | D:11     | Found a staircase to the Orcish Mines.
 11726 | D:11     | Noticed a white ugly thing
 11745 | D:11     | Killed a white ugly thing
 11745 | D:11     | Received a gift from Okawaru
 11883 | D:11     | Noticed an eight-headed hydra
 11898 | D:11     | Killed an eight-headed hydra
 11898 | D:11     | Gained mutation: You are surrounded by a mild repulsion
                  | field. (EV +2) [demonic ancestry]
 11898 | D:11     | Reached XP level 11. HP: 60/84 MP: 13/16
 11966 | D:11     | Noticed Josephine
 11978 | D:11     | Killed Josephine
 11978 | D:11     | Reached ***** piety under Okawaru
 11978 | D:11     | Reached skill level 10 in Unarmed Combat
 12047 | D:11     | Noticed a red ugly thing
 12062 | D:11     | Killed a red ugly thing
 12521 | D:11     | Noticed a two-headed hydra
 12531 | D:11     | Killed a two-headed hydra
 12531 | D:11     | Received a gift from Okawaru
 12687 | Lair:1   | Entered Level 1 of the Lair of Beasts
 13273 | Lair:1   | Received a gift from Okawaru
 13314 | Lair:1   | Found a runed translucent gate.
 13314 | Lair:1   | Found a runed translucent gate.
 13318 | Lair:1   | Found a runed translucent gate.
 13318 | Lair:1   | Noticed Paps's ghost (journeyman OpFi)
 13393 | Lair:1   | Reached skill level 1 in Evocations
 13689 | Lair:2   | Received a gift from Okawaru
 13971 | Lair:2   | Noticed a queen ant
 13997 | Lair:2   | Killed a queen ant
 14238 | Lair:2   | Reached skill level 11 in Unarmed Combat
 14280 | Lair:2   | Found a hole to the Spider Nest.
 14298 | Lair:2   | Reached XP level 12. HP: 69/94 MP: 9/18
 14559 | Lair:2   | Noticed Sonja
 14567 | Lair:2   | Killed Sonja
 15297 | Lair:3   | Received a gift from Okawaru
 15356 | Lair:3   | Noticed Snorg
 15359 | Lair:3   | Killed Snorg
 15612 | Lair:4   | You fall through a shaft!
 15659 | Lair:5   | Noticed a four-headed hydra
 15667 | Lair:5   | Killed a four-headed hydra
 15910 | Lair:4   | Reached ****** piety under Okawaru
 16137 | Lair:4   | Reached skill level 12 in Unarmed Combat
 16472 | Lair:4   | Received a gift from Okawaru
 16498 | Lair:4   | Noticed a seven-headed hydra
 16507 | Lair:4   | Killed a seven-headed hydra
 16507 | Lair:4   | Gained mutation: You regenerate magic rapidly. [demonic
                  | ancestry]
 16507 | Lair:4   | Reached XP level 13. HP: 49/101 MP: 12/19
 16876 | Lair:4   | Found a staircase to the Shoals.
 17205 | Lair:5   | Reached skill level 5 in Evocations
 17580 | Lair:5   | Found a viscous altar of Jiyva.
 17580 | Lair:5   | Found a staircase to the Slime Pits.
 17928 | Lair:6   | Entered Level 6 of the Lair of Beasts
 18261 | Lair:6   | Reached skill level 10 in Fighting
 18290 | Lair:6   | Received a gift from Okawaru
 18403 | Lair:6   | Reached skill level 13 in Unarmed Combat
 18404 | Lair:6   | Received a gift from Okawaru
 18816 | Lair:6   | Received a gift from Okawaru
 19286 | Lair:6   | Reached skill level 14 in Unarmed Combat
 19378 | Lair:6   | Received a gift from Okawaru
 19381 | Lair:6   | Got a bloodstained glaive {god gift}
 19455 | Lair:6   | Reached XP level 14. HP: 43/113 MP: 8/20
 19786 | Lair:6   | Noticed Kirke
 20093 | Lair:6   | Killed Kirke
 20604 | Orc:1    | Entered Level 1 of the Orcish Mines
 20716 | Orc:1    | Found Alossof's Distillery.
 20772 | Orc:1    | Noticed Urug
 20786 | Orc:1    | Killed Urug
 20786 | Orc:1    | Reached skill level 1 in Shields
 20995 | Orc:1    | Noticed Harold
 21001 | Orc:1    | Killed Harold
 21282 | Orc:2    | Entered Level 2 of the Orcish Mines
 21303 | Orc:2    | Found a staircase to the Elven Halls.
 21325 | Orc:2    | Received a gift from Okawaru
 21380 | Orc:2    | Got a steaming helmet {god gift}
 21473 | Orc:1    | Identified the +3 helmet of Ikkefo {*Slow rElec rF+++
                  | Int-4} (Okawaru gifted it to you on level 2 of the Orcish
                  | Mines)
 21705 | Orc:2    | Found Vaaquzof's Book Boutique.
 21975 | Orc:2    | Found Susho's Antique Weapon Boutique.
 21975 | Orc:2    | Found Rinid's Antique Armour Boutique.
 21976 | Orc:2    | Found Quff's Jewellery Shop.
 21979 | Orc:2    | Found Xato Leka's Magic Scroll Shop.
 21983 | Orc:2    | Bought a scroll of identify for 26 gold pieces
 21983 | Orc:2    | Bought a scroll of random uselessness for 13 gold pieces
 22557 | D:12     | You fall through a shaft for 2 floors!
 22557 | D:14     | Found a gate to the Vaults.
 22575 | D:14     | Noticed Agnes
 22583 | D:14     | Reached skill level 15 in Unarmed Combat
 22956 | D:12     | Found a runed translucent gate.
 22956 | D:12     | Found a runed translucent gate.
 22957 | D:12     | Found a runed translucent gate.
 22958 | D:12     | Noticed Borgoz's ghost (journeyman GrGl)
 22958 | D:12     | Noticed Tramtrist's ghost (journeyman GrFi)
 22958 | D:12     | Noticed DungeonDestroyer's ghost (journeyman DgFi)
 22958 | D:12     | Noticed Kairos's ghost (journeyman SpEn)
 22958 | D:12     | Noticed Borgoz's ghost (journeyman GrGl)
 23352 | D:13     | Found Elamaet's Antique Weapon Shop.
 23493 | D:13     | Reached skill level 5 in Shields
 24446 | D:14     | Killed Agnes
 24722 | D:14     | Received a gift from Okawaru
 25346 | D:15     | Entered Level 15 of the Dungeon
 25351 | D:15     | Gained mutation: You are surrounded by a moderate repulsion
                  | field. (EV +3) [demonic ancestry]
 25351 | D:15     | Reached XP level 15. HP: 110/120 MP: 19/21
 25661 | D:15     | Noticed Azrael
 25677 | D:15     | Killed Azrael
 26230 | D:15     | Received a gift from Okawaru
 26273 | D:15     | Found a staircase to the Depths.
 26512 | Spider:1 | Entered Level 1 of the Spider Nest
 26540 | Spider:1 | Reached skill level 10 in Shields
 27022 | Spider:1 | Noticed Nikola
 27036 | Spider:1 | Killed Nikola
 27036 | Spider:1 | Received a gift from Okawaru
 27388 | Spider:1 | Received a gift from Okawaru
 28178 | Spider:2 | Received a gift from Okawaru
 28381 | Spider:2 | Reached XP level 16. HP: 130/130 MP: 22/22
 28847 | Spider:3 | Found a transporter.
 28847 | Spider:3 | Noticed lysyklops's ghost (adept GrFi)
 28858 | Spider:3 | Found a transporter.
 29223 | Spider:3 | Got a scintillating granite ring
 29235 | Spider:3 | Identified the ring of Jiogolos {+Fly Str-4 Int+2 Stlth+}
                  | (You found it on level 3 of the Spider Nest)
 29378 | Spider:3 | Reached skill level 16 in Unarmed Combat
 29424 | Spider:3 | Received a gift from Okawaru
 29905 | Spider:4 | Entered Level 4 of the Spider Nest
 30799 | Spider:4 | Received a gift from Okawaru
 30818 | Spider:4 | Got a gossamer rune of Zot
 31576 | D:6      | Killed Nicoed's ghost
 31772 | D:12     | Killed Borgoz's ghost
 31778 | D:12     | Killed Borgoz's ghost
 31790 | D:12     | Killed Tramtrist's ghost
 31792 | D:12     | Killed DungeonDestroyer's ghost
 31792 | D:12     | Received a gift from Okawaru
 31803 | D:12     | Killed Kairos's ghost
 31957 | Lair:1   | Killed Paps's ghost
 32071 | Vaults:1 | Entered Level 1 of the Vaults
 32195 | Vaults:1 | Reached XP level 17. HP: 129/140 MP: 23/23
 32244 | Vaults:1 | Reached skill level 17 in Unarmed Combat
 32326 | Vaults:1 | Reached skill level 15 in Fighting
 32399 | Vaults:1 | Slain by a white ugly thing

Skill      XL: |  1  2  3  4  5  6  7  8  9 10 11 12 13 14 15 16 17 |
---------------+----------------------------------------------------+-----
Unarmed Combat | 3 4 5 6 7 8 9 11 12 14 15 16 17 | 17.1
Dodging        | 3 4 5 6 7 8 9 |  9.1
Armour         | 1 2 3 4 5 6 7 8 |  8.7
Fighting       | 3 4 5 6 7 8 9 11 12 13 14 15 | 15.1
Invocations    | 3 5 6 8 |  8.0
Evocations     | 2 4 5 |  5.0
Shields        | 8 11 12 | 12.0
Throwing       | |  1.7

Action                   |  1- 3 |  4- 6 |  7- 9 | 10-12 | 13-15 | 16-18 || total
-------------------------+-------+-------+-------+-------+-------+-------++-------
Melee: Unarmed           |   152 |   299 |   426 |   817 |  1407 |   573 ||  3674
       Punch             |     3 |     4 |     6 |    53 |    37 |       ||   103
       Kick              |    13 |    76 |   134 |   314 |   568 |   236 ||  1341
Throw: Throwing net      |       |       |     4 |       |       |       ||     4
Invok: Heroism           |       |       |     1 |    17 |    25 |    13 ||    56
       Finesse           |       |       |       |       |    10 |     4 ||    14
Evoke: Wand              |       |       |    21 |       |    15 |     1 ||    37
       Box of beasts     |       |       |       |       |     1 |       ||     1
  Use: Potion            |       |     2 |     1 |       |     3 |     3 ||     9
       Scroll            |       |       |     8 |    13 |    16 |     3 ||    40
 Stab: Held in net/web   |       |       |     3 |       |       |       ||     3
       Paralysed         |       |       |     2 |       |     1 |       ||     3
       Invisible         |       |       |     1 |       |       |       ||     1
       Distracted        |       |       |       |     3 |     9 |     3 ||    15
  Eat: Chunk             |     3 |     5 |    16 |    27 |    32 |     5 ||    88
       Ration            |       |       |       |       |     2 |     3 ||     5
Armor: Leather armour    |    13 |       |       |       |       |       ||    13
       Plate armour      |    53 |   144 |   194 |   222 |       |       ||   613
       Scale mail        |       |       |       |    75 |   339 |    26 ||   440
       Crystal plate arm |       |       |       |       |       |   298 ||   298
Dodge: Dodged            |    69 |    62 |   132 |   507 |   732 |   283 ||  1785
Block: Other             |       |       |     3 |    48 |    19 |       ||    70
       Reflection        |       |       |       |     1 |    10 |       ||    11
       Shield            |       |       |       |       |   782 |   481 ||  1263
